BSA
HOUSTON MARSHALS @ CHICAGO MACHINE
04/26/2028
 
TOP OF THE 1ST
Houston Marshals batting - Pitching for Chicago Machine : RHP Anthony Jackson
Pitching: RHP Anthony Jackson
Batting: SHB Ramón Lugo 0-0: Called Strike
0-1: Called Strike
0-2: Foul Ball, location: 2F
0-2: Ball
1-2: SINGLE (Line Drive, 7S)
Batting: LHB Lewis Barr 0-0: SINGLE (Line Drive, 78S)
Ramón Lugo to second
Ramón Lugo to third
Batting: LHB Matt Smith 0-0: Ground out 4-3 (Groundball, 34D)
Ramón Lugo scores
Lewis Barr to second
Batting: LHB José Rodríguez 0-0: Called Strike
0-1: Swinging Strike
0-2: Hit by Pitch
Batting: RHB Chris Parker 0-0: Ball
1-0: Ball
2-0: Called Strike
2-1: Foul Ball, location: 2F
2-2: Fly out, F3 (Flyball, 3D)
Batting: SHB Juan Gómez 0-0: Ball
1-0: Ball
2-0: Called Strike
2-1: Fielders Choice at 2nd, 5-4 (Groundball, 5)
Top of the 1st over - 1 run(s), 2 hit(s), 0 error(s), 1 left on base; Houston 1 - Chicago 0
BOTTOM OF THE 1ST
Chicago Machine batting - Pitching for Houston Marshals : RHP Ron Scott
Pitching: RHP Ron Scott
Batting: RHB Lorenzo Guzmán 0-0: Ball
1-0: Ball
2-0: Foul Ball, location: 2F
2-1: Ball
3-1: Foul Ball, location: 2F
3-2: SINGLE (Groundball, 6D)
Batting: SHB Edward Bartlett 0-0: Ball
1-0: Ground out 4-3 (Groundball, 4M)
Lorenzo Guzmán to second
Batting: RHB Doug Stephens 0-0: Ball
1-0: Called Strike
1-1: Swinging Strike
1-2: Ball
2-2: Ball
3-2: Base on Balls
Batting: SHB José Alomar 0-0: Fly out, F6 (Flyball, 6D)
Batting: LHB Bernardo Montés 0-0: Foul Ball, location: 2F
0-1: Called Strike
0-2: Strikes out swinging
Bottom of the 1st over - 0 run(s), 1 hit(s), 0 error(s), 2 left on base; Houston 1 - Chicago 0
TOP OF THE 2ND
Houston Marshals batting - Pitching for Chicago Machine : RHP Anthony Jackson
Batting: LHB John Peterson 0-0: Called Strike
0-1: Ball
1-1: Ball
2-1: Ball
3-1: Foul Ball, location: 2F
3-2: Foul Ball, location: 2F
3-2: Base on Balls
Batting: RHB Jim Tracy 0-0: Ball
John Peterson steals 2nd base
1-0: Called Strike
1-1: Foul Ball, location: 2F
1-2: Fly out, F7 (Flyball, 78XD)
Runner from 2nd tags up, SAFE at 3rd, no throw
Batting: RHB Sadao Kimura 0-0: Ball
1-0: Ball
2-0: Foul Ball, location: 2F
2-1: SINGLE (Groundball, 56S) (infield hit)
John Peterson scores
Batting: SHB Ramón Lugo 0-0: Ball
1-0: 2-RUN HOME RUN (Line Drive, 89XD), Distance : 436 ft
Batting: LHB Lewis Barr 0-0: Called Strike
0-1: Called Strike
0-2: Ball
1-2: Strikes out looking
Batting: LHB Matt Smith 0-0: Called Strike
0-1: DOUBLE (Flyball, 89XD)
Batting: LHB José Rodríguez 0-0: Ball
1-0: SINGLE (Groundball, 4D)
Matt Smith to third
Batting: RHB Chris Parker 0-0: Ball
1-0: Ball
2-0: Ball
3-0: Base on Balls
José Rodríguez to second
Batting: SHB Juan Gómez 0-0: Called Strike
0-1: Hit by Pitch
Matt Smith scores
José Rodríguez to third
Chris Parker to second
Batting: LHB John Peterson 0-0: Called Strike
0-1: Ball
1-1: Foul Ball, location: 2F
1-2: Ball
2-2: Ball
3-2: Base on Balls
José Rodríguez scores
Chris Parker to third
Juan Gómez to second
Batting: RHB Jim Tracy 0-0: Fly out, F4 (Popup, 4D)
Top of the 2nd over - 5 run(s), 4 hit(s), 0 error(s), 3 left on base; Houston 6 - Chicago 0
BOTTOM OF THE 2ND
Chicago Machine batting - Pitching for Houston Marshals : RHP Ron Scott
Batting: RHB Roberto Tobías 0-0: Fly out, F8 (Line Drive, 78M)
Batting: SHB Joaquín López 0-0: Ball
1-0: Ball
2-0: Ball
3-0: Called Strike
3-1: Called Strike
3-2: Base on Balls
Batting: SHB Lee Townsend 0-0: Ball
1-0: Ball
2-0: Grounds into double play, 5-4-3 (Groundball, 56)
Bottom of the 2nd over - 0 run(s), 0 hit(s), 0 error(s), 0 left on base; Houston 6 - Chicago 0
TOP OF THE 3RD
Houston Marshals batting - Pitching for Chicago Machine : RHP Anthony Jackson
Batting: RHB Sadao Kimura 0-0: Ball
1-0: Foul Ball, location: 2F
1-1: Ball
2-1: Swinging Strike
2-2: Ground out U3 (Groundball, 34S)
Batting: SHB Ramón Lugo 0-0: Ball
1-0: Foul Ball, location: 2F
1-1: Foul Ball, location: 2F
1-2: Foul Ball, location: 2F
1-2: Ball
2-2: Foul Ball, location: 2F
2-2: Ball
3-2: Base on Balls
Batting: LHB Lewis Barr 0-0: Ball
1-0: Foul Ball, location: 2F
1-1: Ball
2-1: Called Strike
2-2: SINGLE (Line Drive, 34D)
Ramón Lugo to second
Batting: LHB Matt Smith 0-0: SINGLE (Line Drive, 8RS)
Ramón Lugo to third
Lewis Barr to second
Batting: LHB José Rodríguez 0-0: SINGLE (Groundball, 34D)
Ramón Lugo scores
Lewis Barr to third
Matt Smith to second
Runner from 3rd tries for Home, SAFE, throw made home
Pitching: RHP Pedro Mendoza
Batting: RHB Chris Parker 0-0: Called Strike
0-1: Ball
1-1: Foul Ball, location: 2F
1-2: Fly out, F7 (Flyball, 78D)
Batting: SHB Juan Gómez 0-0: Ball
1-0: Hit by Pitch
Matt Smith to third
José Rodríguez to second
Pinch Runner at 1st Gustavo Díaz:
Batting: LHB John Peterson 0-0: Called Strike
0-1: Ball
1-1: Fly out, F9 (Flyball, 9)
Top of the 3rd over - 2 run(s), 3 hit(s), 0 error(s), 3 left on base; Houston 8 - Chicago 0
BOTTOM OF THE 3RD
Chicago Machine batting - Pitching for Houston Marshals : RHP Ron Scott
Now at C: Gustavo Díaz
Batting: RHB Alden Isenhood 0-0: Called Strike
0-1: Ground out 5-3 (Groundball, 56)
Batting: RHB Lorenzo Guzmán 0-0: SINGLE (Groundball, 6) (infield hit)
Batting: SHB Edward Bartlett 0-0: Foul Ball, location: 2F
0-1: Ball
1-1: SINGLE (Groundball, 3L) (infield hit)
Lorenzo Guzmán to second
Batting: RHB Doug Stephens 0-0: Called Strike
0-1: Foul Ball, location: 2F
0-2: Ball
1-2: Strikes out looking
Batting: SHB José Alomar 0-0: Ball
1-0: Called Strike
1-1: Ground out U3 (Groundball, 34)
Bottom of the 3rd over - 0 run(s), 2 hit(s), 0 error(s), 2 left on base; Houston 8 - Chicago 0
TOP OF THE 4TH
Houston Marshals batting - Pitching for Chicago Machine : RHP Pedro Mendoza
Batting: RHB Jim Tracy 0-0: Swinging Strike
0-1: Ball
1-1: Foul Ball, location: 2F
1-2: Ground out 4-3 (Groundball, 4)
Batting: RHB Sadao Kimura 0-0: Ball
1-0: Swinging Strike
1-1: Called Strike
1-2: Foul Ball, location: 2F
1-2: Ball
2-2: Ball
3-2: Strikes out swinging
Batting: SHB Ramón Lugo 0-0: Ball
1-0: Called Strike
1-1: Swinging Strike
1-2: Ball
2-2: SINGLE (Groundball, 5D)
Batting: LHB Lewis Barr 0-0: Called Strike
0-1: Ball
1-1: Foul Ball, location: 2F
1-2: Ball
2-2: SINGLE (Line Drive, 34D)
Ramón Lugo to second
Runner from 2nd tries for 3rd, SAFE, throw made to third
Batting: LHB Matt Smith 0-0: Called Strike
Balk!
Ramón Lugo scores
Lewis Barr to second
0-1: Ball
1-1: Foul Ball, location: 2F
1-2: SINGLE (Groundball, 6D)
Lewis Barr to third
Runner from 3rd tries for Home, SAFE, no throw
Batting: LHB José Rodríguez 0-0: Foul Ball, location: 2F
0-1: Ball
1-1: Swinging Strike
1-2: DOUBLE (Line Drive, 89XD)
Matt Smith to third
Batting: RHB Chris Parker 0-0: Foul Ball, location: 2F
0-1: Ball
1-1: Called Strike
1-2: Foul Ball, location: 2F
1-2: Ground out 2-3 (Groundball, 15S)
Top of the 4th over - 2 run(s), 4 hit(s), 0 error(s), 2 left on base; Houston 10 - Chicago 0
BOTTOM OF THE 4TH
Chicago Machine batting - Pitching for Houston Marshals : RHP Ron Scott
Batting: LHB Bernardo Montés 0-0: Ball
1-0: Called Strike
1-1: Ground out 6-3 (Groundball, 6)
Batting: RHB Roberto Tobías 0-0: Foul Ball, location: 2F
0-1: Called Strike
0-2: Fly out, F8 (Flyball, 8LD)
Batting: SHB Joaquín López 0-0: DOUBLE (Line Drive, 8LXD)
Batting: SHB Lee Townsend 0-0: SINGLE (Line Drive, 4)
Joaquín López to third
Runner from 3rd tries for Home, SAFE, no throw
Batting: RHB Alden Isenhood 0-0: Ball
1-0: Ball
2-0: Called Strike
2-1: Ground out 6-3 (Groundball, 6S)
Bottom of the 4th over - 1 run(s), 2 hit(s), 0 error(s), 1 left on base; Houston 10 - Chicago 1
TOP OF THE 5TH
Houston Marshals batting - Pitching for Chicago Machine : RHP Pedro Mendoza
Batting: RHB Gustavo Díaz 0-0: Foul Ball, location: 2F
0-1: Swinging Strike
0-2: Strikes out swinging
Batting: LHB John Peterson 0-0: Ground out 1-3 (Groundball, P)
Batting: RHB Jim Tracy 0-0: Ball
1-0: Ball
2-0: Called Strike
2-1: Ball
3-1: Base on Balls
Batting: RHB Sadao Kimura 0-0: Ball
1-0: Ball
2-0: Foul Ball, location: 2F
2-1: Called Strike
2-2: Ball
3-2: Foul Ball, location: 2F
3-2: Strikes out looking
Top of the 5th over - 0 run(s), 0 hit(s), 0 error(s), 1 left on base; Houston 10 - Chicago 1
BOTTOM OF THE 5TH
Chicago Machine batting - Pitching for Houston Marshals : RHP Ron Scott
Batting: RHB Lorenzo Guzmán 0-0: Ball
1-0: Called Strike
1-1: Foul Ball, location: 2F
1-2: SINGLE (Groundball, 6MD)
Batting: SHB Edward Bartlett 0-0: Called Strike
0-1: Ball
1-1: Ball
2-1: Fielders Choice at 2nd, 3-6 (Groundball, 34)
Batting: RHB Doug Stephens 0-0: SINGLE (Groundball, 34D)
Edward Bartlett to second
Runner from 2nd tries for 3rd, SAFE, throw made to third
Batting: SHB José Alomar 0-0: Ball
1-0: Fly out, F8 (Flyball, 8LM)
Runner from 3rd tags up, SCORES, throw made
Batting: LHB Bernardo Montés 0-0: Called Strike
0-1: Fly out, F7 (Line Drive, 7LD)
Bottom of the 5th over - 1 run(s), 2 hit(s), 0 error(s), 1 left on base; Houston 10 - Chicago 2
TOP OF THE 6TH
Houston Marshals batting - Pitching for Chicago Machine : RHP Pedro Mendoza
Pitching: RHP Chris Mitchell
Batting: SHB Ramón Lugo 0-0: Ball
1-0: Called Strike
1-1: Foul Ball, location: 2F
1-2: Ground out 6-3 (Groundball, 6)
Batting: LHB Lewis Barr 0-0: Foul Ball, location: 2F
0-1: Swinging Strike
0-2: Ball
1-2: Foul Ball, location: 2F
1-2: Ball
2-2: Ball
3-2: Base on Balls
Batting: LHB Matt Smith 0-0: Fly out, F5 (Popup, 5L)
Batting: LHB José Rodríguez 0-0: Called Strike
0-1: Called Strike
0-2: SINGLE (Line Drive, 4D)
Lewis Barr to second
Runner from 2nd tries for 3rd, SAFE, throw made to third
Batting: RHB Chris Parker 0-0: Foul Ball, location: 2F
0-1: Ball
1-1: Fielders Choice at 2nd, 6-4 (Groundball, 6)
Top of the 6th over - 0 run(s), 1 hit(s), 0 error(s), 1 left on base; Houston 10 - Chicago 2
BOTTOM OF THE 6TH
Chicago Machine batting - Pitching for Houston Marshals : RHP Ron Scott
Batting: RHB Roberto Tobías 0-0: Foul Ball, location: 2F
0-1: Called Strike
0-2: Ball
1-2: Ball
2-2: Ball
3-2: Strikes out looking
Batting: SHB Joaquín López 0-0: Ball
1-0: Ball
2-0: Ball
3-0: Called Strike
3-1: Called Strike
3-2: Fly out, F9 (Flyball, 9)
Batting: SHB Lee Townsend 0-0: Called Strike
0-1: Ball
1-1: Ball
2-1: Foul Ball, location: 2F
2-2: Fly out, F8 (Flyball, 8LS)
Bottom of the 6th over - 0 run(s), 0 hit(s), 0 error(s), 0 left on base; Houston 10 - Chicago 2
TOP OF THE 7TH
Houston Marshals batting - Pitching for Chicago Machine : RHP Chris Mitchell
Batting: RHB Gustavo Díaz 0-0: Ball
1-0: Ball
2-0: Ball
3-0: Base on Balls
Batting: LHB John Peterson 0-0: Ball
1-0: TRIPLE (Flyball, 9)
Gustavo Díaz scores
Batting: RHB Jim Tracy 0-0: Foul Ball, location: 2F
0-1: Called Strike
0-2: Foul Ball, location: 2F
0-2: Ball
1-2: Hit by Pitch
Batting: RHB Sadao Kimura 0-0: Ball
1-0: Called Strike
1-1: Foul Ball, location: 2F
1-2: Foul Ball, location: 2F
1-2: Foul Ball, location: 2F
1-2: SINGLE (Line Drive, 34)
John Peterson scores
Jim Tracy to second
Batting: SHB Ramón Lugo 0-0: Called Strike
0-1: Called Strike
0-2: Foul Ball, location: 2F
0-2: SINGLE (Groundball, 34S) (infield hit)
Jim Tracy to third
Sadao Kimura to second
Batting: LHB Lewis Barr 0-0: Called Strike
0-1: Called Strike
0-2: Ball
1-2: Strikes out swinging
Batting: LHB Matt Smith 0-0: Foul Ball, location: 2F
0-1: Ball
1-1: Called Strike
1-2: Ball
2-2: Strikes out swinging
Batting: LHB José Rodríguez 0-0: Fly out, F7 (Flyball, 7S)
Top of the 7th over - 2 run(s), 3 hit(s), 0 error(s), 3 left on base; Houston 12 - Chicago 2
BOTTOM OF THE 7TH
Chicago Machine batting - Pitching for Houston Marshals : RHP Ron Scott
Batting: RHB Alden Isenhood 0-0: Called Strike
0-1: SINGLE (Line Drive, 9LS)
Batting: RHB Lorenzo Guzmán 0-0: Fielders Choice at 2nd, 1-6 (Groundball, 13)
Batting: SHB Edward Bartlett 0-0: Foul Ball, location: 2F
0-1: SINGLE (Line Drive, 4D)
Lorenzo Guzmán to second
Runner from 2nd tries for 3rd, SAFE, no throw
Batting: RHB Doug Stephens 0-0: Foul Ball, location: 2F
0-1: Ground out 6-3 (Groundball, 6D)
Lorenzo Guzmán scores
Edward Bartlett to second
Batting: SHB José Alomar 0-0: DOUBLE (Flyball, 89XD)
Edward Bartlett scores
Pitching: RHP José Gonzáles
Batting: LHB Bernardo Montés 0-0: Ball
1-0: Swinging Strike
1-1: Ball
2-1: Fly out, F8 (Flyball, 78D)
Bottom of the 7th over - 2 run(s), 3 hit(s), 0 error(s), 1 left on base; Houston 12 - Chicago 4
TOP OF THE 8TH
Houston Marshals batting - Pitching for Chicago Machine : RHP Chris Mitchell
Batting: RHB Chris Parker 0-0: Swinging Strike
0-1: Swinging Strike
0-2: Ball
1-2: Foul Ball, location: 2F
1-2: Ground out 6-3 (Groundball, 6)
Pitching: LHP Edmond Summers
Batting: RHB Gustavo Díaz 0-0: Foul Ball, location: 2F
0-1: Ball
1-1: Ground out 5-3 (Groundball, 5)
Batting: LHB John Peterson 0-0: Ball
1-0: Ball
2-0: SINGLE (Groundball, 34S) (infield hit)
Batting: RHB Jim Tracy 0-0: Fly out, F9 (Flyball, 9LS)
Top of the 8th over - 0 run(s), 1 hit(s), 0 error(s), 1 left on base; Houston 12 - Chicago 4
BOTTOM OF THE 8TH
Chicago Machine batting - Pitching for Houston Marshals : RHP José Gonzáles
Batting: RHB Roberto Tobías 0-0: Called Strike
0-1: Ball
1-1: Ground out 3-1 (Groundball, 34)
Batting: SHB Joaquín López 0-0: Ground out 1-3 (Groundball, P)
Batting: SHB Lee Townsend 0-0: Ball
1-0: Swinging Strike
1-1: Ball
2-1: Foul Ball, location: 2F
2-2: Ground out 6-3 (Groundball, 6MS)
Bottom of the 8th over - 0 run(s), 0 hit(s), 0 error(s), 0 left on base; Houston 12 - Chicago 4
TOP OF THE 9TH
Houston Marshals batting - Pitching for Chicago Machine : LHP Edmond Summers
Batting: RHB Sadao Kimura 0-0: Called Strike
0-1: Foul Ball, location: 2F
0-2: Ball
1-2: Ball
2-2: Ball
3-2: Base on Balls
Batting: SHB Ramón Lugo 0-0: Fly out, F7 (Line Drive, 7LD)
Runner from 1st tags up, SAFE at 2nd
Batting: LHB Lewis Barr 0-0: Ball
1-0: Ball
2-0: Ball
3-0: Called Strike
3-1: Foul Ball, location: 2F
3-2: Strikes out swinging
Batting: LHB Matt Smith 0-0: Ball
1-0: Swinging Strike
1-1: Ball
2-1: Foul Ball, location: 2F
2-2: Strikes out swinging
Top of the 9th over - 0 run(s), 0 hit(s), 0 error(s), 1 left on base; Houston 12 - Chicago 4
BOTTOM OF THE 9TH
Chicago Machine batting - Pitching for Houston Marshals : RHP José Gonzáles
Batting: RHB Alden Isenhood 0-0: Fly out, F5 (Line Drive, 56)
Batting: RHB Lorenzo Guzmán 0-0: Ball
1-0: Swinging Strike
1-1: Ball
2-1: Called Strike
2-2: Fly out, F4 (Popup, 4D)
Pinch Hitting: LHB Tanyu Imai 0-0: Called Strike
0-1: Called Strike
0-2: Strikes out swinging
Bottom of the 9th over - 0 run(s), 0 hit(s), 0 error(s), 0 left on base; Houston 12 - Chicago 4
Tuesday, August 8th, 2017 - OOTP Baseball 17.12 Build 75